BSA
NEW YORK KNIGHTS @ PORTLAND PHILOSPHER KINGS
08/23/2024
 
TOP OF THE 1ST
New York Knights batting - Pitching for Portland Philospher Kings : RHP Dionisio Penni
Pitching: RHP Dionisio Penni
Batting: RHB Lonnie Anderson 0-0: Ball
1-0: Ground out 4-3 (Groundball, 34)
Batting: RHB Sixto Vélez 0-0: Ball
Single, Error in OF, E8, batter to second base
Batting: LHB Troy Donaldson 0-0: Called Strike
0-1: Ball
1-1: Ball
2-1: Ball
3-1: Base on Balls
Batting: LHB Pedro Fernández 0-0: Called Strike
0-1: Ball
1-1: Ball
2-1: SINGLE (Groundball, 56D) (infield hit)
Sixto Vélez to third
Troy Donaldson to second
Batting: RHB Cheng-ho Qiao 0-0: Ball
1-0: Called Strike
1-1: Ball
2-1: Swinging Strike
2-2: Strikes out swinging
Batting: LHB Nicholas Alston 0-0: Ball
1-0: Called Strike
1-1: Ball
2-1: Fly out, F7 (Flyball, 78D)
Top of the 1st over - 0 run(s), 2 hit(s), 1 error(s), 3 left on base; New York 0 - Portland 0
BOTTOM OF THE 1ST
Portland Philospher Kings batting - Pitching for New York Knights : RHP António Sánchez
Pitching: RHP António Sánchez
Batting: LHB Keith Beard 0-0: Ball
1-0: Called Strike
1-1: Foul Ball, location: 2F
1-2: Ball
2-2: Ground out 4-3 (Groundball, 4)
Batting: LHB Jeff Daniels 0-0: Ball
1-0: Called Strike
1-1: Ball
2-1: Called Strike
2-2: Ball
3-2: SINGLE (Groundball, 4M)
Batting: SHB José Alomar 0-0: Foul Ball, location: 2F
0-1: 2-RUN HOME RUN (Flyball, 9LD), Distance : 324 ft
Batting: LHB Paul Mullins 0-0: Ball
1-0: DOUBLE (Flyball, 8RXD)
Batting: RHB Aaron Scott 0-0: Ball
1-0: SINGLE (Line Drive, 89S)
Paul Mullins to third
Batting: LHB Bill Bertrand 0-0: Grounds out, U3 (Groundball, 3L)
Paul Mullins scores
Batting: RHB Elpidio Martinho 0-0: Ball
1-0: Ball
2-0: Called Strike
2-1: Ball
3-1: Foul Ball, location: 2F
3-2: Strikes out swinging
Bottom of the 1st over - 3 run(s), 4 hit(s), 0 error(s), 1 left on base; New York 0 - Portland 3
TOP OF THE 2ND
New York Knights batting - Pitching for Portland Philospher Kings : RHP Dionisio Penni
Batting: SHB Domingo Martínez 0-0: Fly out, F8 (Flyball, 8LD)
Batting: RHB Jesús Maestas 0-0: Ball
1-0: Called Strike
1-1: Called Strike
1-2: Ball
2-2: Foul Ball, location: 2F
2-2: Ball
3-2: Base on Balls
Batting: RHB Keitaro Suzuki 0-0: Ball
1-0: Ball
2-0: Foul Ball, location: 2F
2-1: Ball
3-1: Base on Balls
Jesús Maestas to second
Batting: RHB Lonnie Anderson 0-0: Called Strike
0-1: Foul Ball, location: 2F
0-2: Foul Ball, location: 2F
0-2: Ball
1-2: Foul Ball, location: 2F
1-2: Ball
2-2: Ball
3-2: Strikes out swinging
Batting: RHB Sixto Vélez 0-0: Ball
1-0: Ball
2-0: Called Strike
2-1: Called Strike
2-2: Foul Ball, location: 2F
2-2: Strikes out swinging
Top of the 2nd over - 0 run(s), 0 hit(s), 0 error(s), 2 left on base; New York 0 - Portland 3
BOTTOM OF THE 2ND
Portland Philospher Kings batting - Pitching for New York Knights : RHP António Sánchez
Batting: RHB Germán Rosales 0-0: Called Strike
0-1: Swinging Strike
0-2: SINGLE (Flyball, 89S)
Batting: RHB Dani Vázquez 0-0: Ball
1-0: Ball
2-0: Ball
3-0: Called Strike
3-1: Foul Ball, location: 2F
3-2: Base on Balls
Germán Rosales to second
Batting: LHB Keith Beard 0-0: Ball
1-0: Foul Ball, location: 2F
1-1: Foul Ball, location: 2F
1-2: Foul Ball, location: 2F
1-2: SINGLE (Line Drive, 9S)
Germán Rosales to third
Dani Vázquez to second
Batting: LHB Jeff Daniels 0-0: Hit by Pitch
Germán Rosales scores
Dani Vázquez to third
Keith Beard to second
Batting: SHB José Alomar 0-0: Swinging Strike
0-1: Swinging Strike
0-2: Ball
1-2: Grounds into double play, 3-6-1 (Groundball, 3)
Dani Vázquez scores
Keith Beard to third
Batting: LHB Paul Mullins 0-0: Ball
1-0: Swinging Strike
1-1: Swinging Strike
1-2: DOUBLE (Line Drive, 3D)
Keith Beard scores
Batting: RHB Aaron Scott 0-0: Ball
1-0: Ball
2-0: Ball
3-0: Called Strike
3-1: Called Strike
3-2: Reached on error, E4 (Groundball, 4)
Paul Mullins to third
Batting: LHB Bill Bertrand 0-0: Called Strike
0-1: Ball
1-1: Ball
2-1: SINGLE (Line Drive, 34)
Paul Mullins scores
Aaron Scott to second
Runner from 2nd tries for 3rd, SAFE, no throw or cutoff
Batting: RHB Elpidio Martinho 0-0: Fly out, F6 (Popup, 6M)
Bottom of the 2nd over - 4 run(s), 4 hit(s), 1 error(s), 2 left on base; New York 0 - Portland 7
TOP OF THE 3RD
New York Knights batting - Pitching for Portland Philospher Kings : RHP Dionisio Penni
Batting: LHB Troy Donaldson 0-0: Ball
1-0: Ball
2-0: Ground out 3-1 (Groundball, 34)
Batting: LHB Pedro Fernández 0-0: Ball
1-0: Foul Ball, location: 2F
1-1: Called Strike
1-2: Strikes out swinging
Batting: RHB Cheng-ho Qiao 0-0: Foul Ball, location: 2F
0-1: Ball
1-1: Ground out 3-1 (Groundball, 3)
Top of the 3rd over - 0 run(s), 0 hit(s), 0 error(s), 0 left on base; New York 0 - Portland 7
BOTTOM OF THE 3RD
Portland Philospher Kings batting - Pitching for New York Knights : RHP António Sánchez
Batting: RHB Germán Rosales 0-0: Ball
1-0: Ground out 4-3 (Groundball, 4)
Batting: RHB Dani Vázquez 0-0: Ball
1-0: Called Strike
1-1: Swinging Strike
1-2: Ball
2-2: Foul Ball, location: 2F
2-2: Foul Ball, location: 2F
2-2: Ground out 4-3 (Groundball, 4)
Batting: LHB Keith Beard 0-0: Ball
1-0: Foul Ball, location: 2F
1-1: Ball
2-1: Ball
3-1: Called Strike
3-2: Strikes out swinging
Bottom of the 3rd over - 0 run(s), 0 hit(s), 0 error(s), 0 left on base; New York 0 - Portland 7
TOP OF THE 4TH
New York Knights batting - Pitching for Portland Philospher Kings : RHP Dionisio Penni
Batting: LHB Nicholas Alston 0-0: Called Strike
0-1: Ball
1-1: Foul Ball, location: 2F
1-2: Ball
2-2: Reached on Error, E9 (Flyball, 9M)
Batting: SHB Domingo Martínez Reached via error on a dropped throw, E1
Nicholas Alston to second
Batting: RHB Jesús Maestas 0-0: Called Strike
0-1: Foul Ball, location: 2F
0-2: Strikes out swinging
Batting: RHB Keitaro Suzuki 0-0: Ball
Nicholas Alston steals 3rd base
Domingo Martínez to second
1-0: Ground out 6-3 (Groundball, 6S)
Nicholas Alston scores
Domingo Martínez to third
Batting: RHB Lonnie Anderson 0-0: DOUBLE (Line Drive, 89D)
Domingo Martínez scores
Batting: RHB Sixto Vélez 0-0: Foul Ball, location: 2F
0-1: DOUBLE (Line Drive, 5D)
Lonnie Anderson scores
Batting: LHB Troy Donaldson 0-0: Ball
1-0: Ball
2-0: Swinging Strike
2-1: Ball
3-1: Ground out 6-3 (Groundball, 56)
Top of the 4th over - 3 run(s), 2 hit(s), 2 error(s), 1 left on base; New York 3 - Portland 7
BOTTOM OF THE 4TH
Portland Philospher Kings batting - Pitching for New York Knights : RHP António Sánchez
Batting: LHB Jeff Daniels 0-0: Ball
1-0: Called Strike
1-1: Foul Ball, location: 2F
1-2: Ball
2-2: Foul Ball, location: 2F
2-2: Foul Ball, location: 2F
2-2: Foul Ball, location: 2F
2-2: Reached on error, E3 (Groundball, 3L)
Batting: SHB José Alomar 0-0: Called Strike
0-1: Ball
1-1: Foul Ball, location: 2F
1-2: Ball
2-2: Strikes out swinging
Batting: LHB Paul Mullins 0-0: Called Strike
0-1: SINGLE (Popup, 7LS)
Jeff Daniels to second
Batting: RHB Aaron Scott 0-0: Fly out, F9 (Flyball, 89S)
Batting: LHB Bill Bertrand 0-0: Foul Ball, location: 2F
0-1: Ball
1-1: Fielders Choice at 2nd, U4 (Groundball, 4M)
Bottom of the 4th over - 0 run(s), 1 hit(s), 1 error(s), 2 left on base; New York 3 - Portland 7
TOP OF THE 5TH
New York Knights batting - Pitching for Portland Philospher Kings : RHP Dionisio Penni
Batting: LHB Pedro Fernández 0-0: Called Strike
0-1: Ball
1-1: Ball
2-1: Ground out 4-3 (Groundball, 4M)
Batting: RHB Cheng-ho Qiao 0-0: Called Strike
0-1: SINGLE (Line Drive, 4M)
Batting: LHB Nicholas Alston 0-0: Ball
Cheng-ho Qiao is caught stealing 2nd base
1-0: Foul Ball, location: 2F
1-1: Ball
2-1: Swinging Strike
2-2: Foul Ball, location: 2F
2-2: Foul Ball, location: 2F
2-2: Foul Ball, location: 2F
2-2: Strikes out swinging
Top of the 5th over - 0 run(s), 1 hit(s), 0 error(s), 0 left on base; New York 3 - Portland 7
BOTTOM OF THE 5TH
Portland Philospher Kings batting - Pitching for New York Knights : RHP António Sánchez
Batting: RHB Elpidio Martinho 0-0: Ball
1-0: Called Strike
1-1: Foul Ball, location: 2F
1-2: Fly out, F8 (Flyball, 8RD)
Batting: RHB Germán Rosales 0-0: Called Strike
0-1: Ball
1-1: Swinging Strike
1-2: Ball
2-2: Strikes out swinging
Batting: RHB Dani Vázquez 0-0: Called Strike
0-1: Ball
1-1: Ball
2-1: Swinging Strike
2-2: Foul Ball, location: 2F
2-2: Ball
3-2: Ground out 5-3 (Groundball, 56)
Bottom of the 5th over - 0 run(s), 0 hit(s), 0 error(s), 0 left on base; New York 3 - Portland 7
TOP OF THE 6TH
New York Knights batting - Pitching for Portland Philospher Kings : RHP Dionisio Penni
Pitching: LHP Yu-shu Kong
Batting: SHB Domingo Martínez 0-0: Called Strike
0-1: Called Strike
0-2: Strikes out swinging
Batting: RHB Jesús Maestas 0-0: Ground out 1-3 (Groundball, 15)
Batting: RHB Keitaro Suzuki 0-0: Swinging Strike
0-1: Ball
1-1: Ball
2-1: DOUBLE (Line Drive, 7LD)
Batting: RHB Lonnie Anderson 0-0: Called Strike
0-1: Ball
1-1: Swinging Strike
1-2: Ball
2-2: Foul Ball, location: 2F
2-2: Foul Ball, location: 2F
2-2: 2-RUN HOME RUN (Line Drive, 7D), Distance : 357 ft
Batting: RHB Sixto Vélez 0-0: Foul Ball, location: 2F
0-1: Bunt missed!
0-2: Ball
1-2: Ball
2-2: Ground out 5-3 (Groundball, 56)
Top of the 6th over - 2 run(s), 2 hit(s), 0 error(s), 0 left on base; New York 5 - Portland 7
BOTTOM OF THE 6TH
Portland Philospher Kings batting - Pitching for New York Knights : RHP António Sánchez
Pitching: LHP Fernando Alvarado
Batting: LHB Keith Beard 0-0: Ball
1-0: Fly out, F9 (Flyball, 9S)
Pitching: RHP Gilberto Barrera
Batting: LHB Jeff Daniels 0-0: Called Strike
0-1: SINGLE (Groundball, 4MD)
Batting: SHB José Alomar 0-0: Called Strike
0-1: Fly out, F7 (Flyball, 7D)
Batting: LHB Paul Mullins 0-0: Swinging Strike
0-1: Ball
1-1: DOUBLE (Groundball, 5L)
Jeff Daniels to third
Batting: RHB Aaron Scott 0-0: Called Strike
0-1: Ball
1-1: Ball
2-1: Swinging Strike
2-2: Foul Ball, location: 2F
2-2: Strikes out swinging
Bottom of the 6th over - 0 run(s), 2 hit(s), 0 error(s), 2 left on base; New York 5 - Portland 7
TOP OF THE 7TH
New York Knights batting - Pitching for Portland Philospher Kings : LHP Yu-shu Kong
Batting: LHB Troy Donaldson 0-0: Called Strike
0-1: Fly out, F8 (Flyball, 8RXD)
Batting: LHB Pedro Fernández 0-0: Ball
1-0: Called Strike
1-1: Ball
2-1: Ball
3-1: Called Strike
3-2: Foul Ball, location: 2F
3-2: Foul Ball, location: 2F
3-2: Foul Ball, location: 2F
3-2: Base on Balls
Batting: RHB Cheng-ho Qiao 0-0: Ball
1-0: Foul Ball, location: 2F
1-1: Swinging Strike
1-2: Foul Ball, location: 2F
1-2: Strikes out swinging
Pedro Fernández is caught stealing 2nd base
Batter strikes out.
Top of the 7th over - 0 run(s), 0 hit(s), 0 error(s), 0 left on base; New York 5 - Portland 7
BOTTOM OF THE 7TH
Portland Philospher Kings batting - Pitching for New York Knights : RHP Gilberto Barrera
Batting: LHB Bill Bertrand 0-0: Ball
1-0: Called Strike
1-1: Ground out U3 (Groundball, 3S)
Batting: RHB Elpidio Martinho 0-0: Ball
1-0: Fly out, F9 (Flyball, 9LM)
Batting: RHB Germán Rosales 0-0: Called Strike
0-1: Called Strike
0-2: Strikes out looking
Bottom of the 7th over - 0 run(s), 0 hit(s), 0 error(s), 0 left on base; New York 5 - Portland 7
TOP OF THE 8TH
New York Knights batting - Pitching for Portland Philospher Kings : LHP Yu-shu Kong
Batting: LHB Nicholas Alston 0-0: Called Strike
0-1: Called Strike
0-2: Ball
1-2: Strikes out swinging
Pitching: RHP César Menéndez
Batting: SHB Domingo Martínez 0-0: Ball
1-0: Swinging Strike
1-1: Foul Ball, location: 2F
1-2: Ball
2-2: Fly out, F8 (Line Drive, 8LD)
Batting: RHB Jesús Maestas 0-0: Called Strike
0-1: Foul Ball, location: 2F
0-2: SOLO HOME RUN (Flyball, 7LD), Distance : 330 ft
Pitching: RHP Yajirobei Endo
Batting: RHB Keitaro Suzuki 0-0: Called Strike
0-1: Foul Ball, location: 2F
0-2: Foul Ball, location: 2F
0-2: Strikes out swinging
Top of the 8th over - 1 run(s), 1 hit(s), 0 error(s), 0 left on base; New York 6 - Portland 7
BOTTOM OF THE 8TH
Portland Philospher Kings batting - Pitching for New York Knights : RHP Gilberto Barrera
Batting: RHB Dani Vázquez 0-0: Ball
1-0: Foul Ball, location: 2F
1-1: Ball
2-1: Foul Ball, location: 2F
2-2: SINGLE (Line Drive, 8RS)
Batting: LHB Keith Beard 0-0: Sac Bunt - play at first, batter OUT! 5-4
Dani Vázquez to second
Batting: LHB Jeff Daniels 0-0: Intentional Walk
Pitching: RHP Paco Ruíz
Batting: SHB José Alomar 0-0: Ball
1-0: Called Strike
1-1: Ball
2-1: Swinging Strike
2-2: SINGLE (Flyball, 4MD)
Dani Vázquez to third
Jeff Daniels to second
Runner from 3rd tries for Home, throw and OUT!
Jeff Daniels to third
José Alomar to second
Batting: LHB Paul Mullins 0-0: Ball
1-0: Ball
2-0: Ball
3-0: Base on Balls
Pinch Hitting: LHB Tom Blake 0-0: Ball
1-0: Ball
2-0: Swinging Strike
2-1: Foul Ball, location: 2F
2-2: Strikes out swinging
Bottom of the 8th over - 0 run(s), 2 hit(s), 0 error(s), 3 left on base; New York 6 - Portland 7
TOP OF THE 9TH
New York Knights batting - Pitching for Portland Philospher Kings : RHP Yajirobei Endo
Pitching: RHP Steve Griffin
Now in RF: Tom Blake
Batting: RHB Lonnie Anderson 0-0: Called Strike
0-1: Called Strike
0-2: Strikes out looking
Batting: RHB Sixto Vélez 0-0: Ground out 5-3 (Groundball, 5)
Batting: LHB Troy Donaldson 0-0: Called Strike
0-1: Swinging Strike
0-2: Ball
1-2: DOUBLE (Flyball, 89XD)
Pinch Hitting: LHB Tom Waller 0-0: Called Strike
0-1: Ball
1-1: Ground out 4-3 (Groundball, 4)
Top of the 9th over - 0 run(s), 1 hit(s), 0 error(s), 1 left on base; New York 6 - Portland 7
This league is powered by Out of the Park Baseball, the baseball management simulation game for PC, Mac and Linux
Saturday, April 9th, 2016 - OOTP Baseball 16.8 Build 38